 Dungeon Crawl Stone Soup version 0.23.1-42-g8abd8fc (webtiles) character file.

Game seed: 5907082874521222871

3398 Borgoz the Covered (level 10, -4/88 HPs)
             Began as a Gargoyle Gladiator on Mar 30, 2019.
             Was a Follower of Ashenzari.
             Slain by a two-headed ogre
             ... wielding a +0 giant club
              (9 damage)
             ... on level 7 of the Dungeon.
             The game lasted 00:20:29 (8650 turns).

Borgoz the Covered (Gargoyle Gladiator)             Turns: 8650, Time: 00:20:30

Health: -4/88      AC: 25    Str: 18    XL:     10   Next: 4%
Magic:  14/14      EV:  2    Int:  9    God:    Ashenzari [*.....]
Gold:   630        SH:  0    Dex: 14    Spells: 13/15 levels left

rFire    + . .     SeeInvis .   a - +0 rapier
rCold    . . .     Gourm    .   (no shield)
rNeg     + + +     Faith    .   (armour currently unavailable)
rPois    ∞         Spirit   .   (helmet currently unavailable)
rElec    .         Reflect  .   (cloak currently unavailable)
rCorr    .         Harm     .   (gloves currently unavailable)
MR       .....     NoTele   +   (boots currently unavailable)
Stlth    ++++......             r - amulet of regeneration
HPRegen  0.64/turn              B - ring of protection from fire
MPRegen  0.14/turn              z - ring of stealth

@: tree-form
A: negative energy resistance 1, petrification resistance, rot immunity, AC +7
a: Curse Item, Scrying, Renounce Religion


You were on level 7 of the Dungeon.
You worshipped Ashenzari.
Ashenzari was aware of your devotion.
You were not hungry.
You were a tree.
You visited 2 branches of the dungeon, and saw 10 of its levels.

You collected 630 gold pieces.

Inventory:

Hand Weapons
 a - a +0 rapier (weapon)
 k - a +0 rapier
 D - a +0 rapier
Armour
 c - a +0 helmet (melded)
 t - a +3 ring mail of cold resistance (melded)
 y - a cursed +0 pair of gloves
Jewellery
 j - an uncursed ring of resist corrosion
 r - an amulet of regeneration (around neck)
 v - an uncursed ring of flight
 w - an uncursed ring of ice
 z - a ring of stealth (right branch)
 B - a ring of protection from fire (left branch)
 E - an uncursed ring of protection from fire
Wands
 b - a wand of random effects (11)
 g - a wand of disintegration (11)
Scrolls
 e - 3 scrolls of amnesia
 m - 2 scrolls of teleportation
 s - 7 scrolls of remove curse
 A - 2 scrolls of blinking {unknown}
Potions
 h - 2 potions of mutation
 i - 3 potions of brilliance
 p - a potion of resistance
 x - a potion of flight
Comestibles
 d - a chunk of flesh
 f - 22 rations


   Skills:
 + Level 5.3 Fighting
 * Level 6.6 Short Blades
 - Level 1.7 Throwing
 * Level 6.9 Armour
 * Level 5.9 Dodging
 + Level 5.0 Stealth
 + Level 3.0 Spellcasting
 + Level 3.1 Hexes
 + Level 0.1 Evocations


You had 13 spell levels left.
You knew the following spells:

 Your Spells              Type           Power        Failure   Level  Hunger
a - Slow                  Hex            #.......     13%         2    ###....

Your spell library contained the following spells:

 Spells                   Type           Power        Failure   Level  Hunger
 Corona                   Hex            #......      9%          1    ##.....
 Animate Skeleton         Necr           N/A          30%         1    ##.....
 Pain                     Necr           #...         30%         1    ##.....
 Inner Flame              Hex/Fire       #.......     43%         3    ####...
 Portal Projectile        Hex/Tloc       #.....       43%         3    ####...
 Cause Fear               Hex            #.........   63%         4    #####..
 Regeneration             Chrm/Necr      #.........   65%         3    ####...
 Vampiric Draining        Necr           #.........   65%         3    ####...
 Leda's Liquefaction      Hex/Erth       #.........   85%         4    #####..
 Animate Dead             Necr           N/A          96%         4    #####..


Dungeon Overview and Level Annotations

Branches:
Dungeon (9/15)             Temple (1/1) D:7            Lair (0/6) D:9
    Orc: D:9-12

Altars:
Ashenzari
Cheibriados
Dithmenos
Elyvilon
Fedhas
Gozag
Hepliaklqana
Kikubaaqudgha
Makhleb
Nemelex Xobeh
Okawaru
Qazlal
Ru
Trog
Uskayaw
Vehumet
Wu Jian
Xom
Yredelemnul
Zin
The Shining One
Beogh
Lugonu

Shops:
D:4 *

Annotations:
D:6 2 transporters, Pereza0's ghost, novice MfGl


Innate Abilities, Weirdness & Mutations

You are resistant to torment.
((Your stone body is resilient. (AC +7)))
You are immune to poison.
You resist negative energy. (rN+)
((You are resistant to electric shocks. (rElec)))
((You can survive without breathing.))
You are immune to petrification.
You are immune to rotting.


Message History

Evoke which item? (* to show all) (? for menu, Esc to quit)
Okay, then.
Really quaff the potion of lignification?
You turn into a tree.
Your +0 helmet melds into your body.
Your +3 ring mail of cold resistance melds into your body.
You feel less resistant to cold.
Your roots penetrate the ground.
The two-headed ogre hits you but does no damage.
The two-headed ogre hits you with a +0 giant spiked club!!
* * * LOW HITPOINT WARNING * * *
Firing (i - inventory) No suitable missiles.
Press: ? - help, Shift-Dir - straight line, f - two-headed ogre
Aim: a two-headed ogre, wielding a +0 giant club and a +0 giant spiked club (lightly wounded)
Okay, then.
Evoke which item? (* to show all) (? for menu, Esc to quit)
Aiming: Random Effects
Press: ? - help, Shift-Dir - straight line, f - two-headed ogre
Aim: a two-headed ogre, wielding a +0 giant club and a +0 giant spiked club (lightly wounded)
The two-headed ogre twists and deforms.
The two-headed ogre hits you with a +0 giant club!
You die...

...# #.÷......# #.## #........#
#.# #........# #.# #####.########
#.# #.....# ######## ### #.#
#.##### #......# ######.# #.# #.#
#......# #.#..... #.#
#.########......#####.......
#.####.##..[.)..♣O...|##.......##
#>...........[...####.#.....#####
#####.........[..# #.......#
#.......###### #.....###
#.......# ##..### ###.......#
#.## #.........# ### #......####
#......#


You could see a two-headed ogre.

Vanquished Creatures
  A hornet (D:9)
  A queen bee (D:7)
  A water moccasin (D:7)
  2 sky beasts (D:9)
  A black bear (D:7)
  An orc warrior (D:9)
  An ogre (D:5)
  3 bullfrogs
  A scorpion (D:4)
  16 killer bees
  7 crimson imps
  A quasit (D:7)
  5 hounds
  A centaur skeleton (D:7)
  5 orc priests
  3 orc wizards
  2 bullfrog skeletons (D:5)
  8 iguanas
  Ijyb (D:4)
  Natasha (twice) (D:2)
  8 worker ants
  A hound zombie (D:8)
  A worker ant zombie (D:6)
  6 adders
  A shadow imp (D:7)
  5 oozes
  An adder skeleton (D:8)
  3 adder zombies
  4 worms
  5 dart slugs
  2 leopard geckos
  29 orcs
  A ball python (D:7)
  5 giant cockroaches
  4 goblins
  7 hobgoblins
  17 jackals
  3 kobolds
  2 quokkas
  7 bats
  3 frilled lizards
  A giant cockroach zombie (D:6)
  A jackal skeleton (D:5)
  2 leopard gecko zombies
  6 rats
  2 bushes (D:4)
  2 plants (D:4)
192 creatures vanquished.

Vanquished Creatures (others)
  An orc (D:6)
  2 jackals (D:3)
3 creatures vanquished.

Grand Total: 195 creatures vanquished

Notes
Turn   | Place    | Note
-------+----------+-------------------------------------------
     0 | D:1      | Borgoz the Gargoyle Gladiator began the quest for the Orb.
     0 | D:1      | Reached XP level 1. HP: 12/12 MP: 1/1
   206 | D:1      | Reached XP level 2. HP: 17/17 MP: 2/2
   271 | D:1      | Reached skill level 1 in Armour
   570 | D:2      | Noticed Natasha
   576 | D:2      | Killed Natasha
   576 | D:2      | Reached skill level 1 in Stealth
   576 | D:2      | Reached XP level 3. HP: 18/22 MP: 3/3
   704 | D:2      | Reached XP level 4. HP: 12/27 MP: 4/4
   913 | D:2      | Noticed Natasha
   929 | D:2      | Killed Natasha
  1196 | D:2      | Found a hide-covered altar of Uskayaw.
  1498 | D:3      | Reached XP level 5. HP: 16/31 MP: 5/5
  2176 | D:3      | Found a shimmering altar of Xom.
  2176 | D:3      | Found a shadowy altar of Dithmenos.
  2475 | D:3      | Found a radiant altar of Vehumet.
  2513 | D:3      | Found a roughly hewn altar of Beogh.
  2534 | D:3      | Reached XP level 6. HP: 15/37 MP: 6/6
  3124 | D:4      | Found Zin's Purification Station.
  3127 | D:4      | Found a glowing silver altar of Zin.
  3295 | D:4      | Found a white marble altar of Elyvilon.
  3310 | D:4      | Noticed Ijyb
  3345 | D:4      | Killed Ijyb
  3677 | D:4      | Found a shattered altar of Ashenzari.
  3710 | D:4      | Became a worshipper of Ashenzari the Shackled
  4637 | D:5      | Entered Level 5 of the Dungeon
  4914 | D:6      | Found a snail-covered altar of Cheibriados.
  4942 | D:6      | Reached XP level 7. HP: 41/41 MP: 7/7
  5021 | D:6      | Found a transporter.
  5115 | D:6      | Found a transporter.
  5118 | D:6      | Noticed Pereza0's ghost (novice MfGl)
  5221 | D:6      | Learned a level 2 spell: Slow
  5887 | D:5      | Reached XP level 8. HP: 48/48 MP: 9/9
  6212 | D:7      | Reached skill level 1 in Hexes
  6243 | D:7      | Reached skill level 1 in Spellcasting
  6341 | D:7      | Found a blossoming altar of Fedhas.
  6400 | D:7      | Reached skill level 5 in Short Blades
  6478 | D:7      | Found a glowing golden altar of the Shining One.
  6575 | D:7      | Found a staircase to the Ecumenical Temple.
  6615 | D:7      | Reached skill level 5 in Armour
  6735 | D:7      | Found a sparkling altar of Nemelex Xobeh.
  6744 | D:7      | Found a bloodstained altar of Trog.
  6889 | D:7      | Reached * piety under Ashenzari
  6945 | D:8      | Noticed a two-headed ogre
  7028 | Temple   | Entered the Ecumenical Temple
  7135 | D:8      | Found a hazy altar of Hepliaklqana.
  7157 | D:8      | Identified the +8 hand axe "Juan" {chop, rPois MP-9 Int-4
                  | Dex+6}
  7209 | D:8      | Reached skill level 5 in Dodging
  7209 | D:8      | Reached XP level 9. HP: 44/52 MP: 10/12
  7270 | D:8      | HP: 1/52 [slime creature (11)]
  7552 | D:9      | Noticed a hornet
  7644 | D:9      | Killed a hornet
  7694 | D:9      | Reached skill level 5 in Fighting
  7808 | D:9      | Found a staircase to the Lair.
  7925 | D:8      | Noticed a queen bee
  8339 | D:7      | Killed a queen bee
  8339 | D:7      | Reached skill level 5 in Stealth
  8339 | D:7      | Reached XP level 10. HP: 13/59 MP: 14/14
  8475 | D:8      | Found a blossoming altar of Fedhas.
  8649 | D:7      | HP: 4/88 [two-headed ogre/+0 giant club (21)]
  8650 | D:7      | Slain by a two-headed ogre

Skill      XL: |  1  2  3  4  5  6  7  8  9 |
---------------+----------------------------+-----
Armour         | 1 2 3 4 5 6 |  6.9
Short Blades   | 3 4 5 6 |  6.6
Stealth        | 1 2 3 4 5 |  5.0
Dodging        | 3 4 5 |  5.9
Fighting       | 3 4 5 |  5.3
Hexes          | 2 3 |  3.1
Spellcasting   | 2 3 |  3.0
Throwing       | |  1.7
Evocations     | |  0.1

Action                   |  1- 3 |  4- 6 |  7- 9 | 10-12 || total
-------------------------+-------+-------+-------+-------++-------
Melee: Rapier            |    87 |   619 |   875 |    30 ||  1611
Throw: Throwing net      |       |     7 |     4 |       ||    11
Evoke: Wand              |       |       |     4 |     5 ||     9
  Use: Potion            |       |     3 |    10 |     1 ||    14
       Scroll            |       |       |    13 |       ||    13
 Stab: Sleeping          |     1 |     4 |     8 |       ||    13
       Distracted        |       |       |     1 |       ||     1
  Eat: Chunk             |       |    10 |    11 |       ||    21
       Ration            |       |     1 |     1 |       ||     2
Armor: Leather armour    |    32 |    83 |       |       ||   115
       Ring mail         |       |    31 |   554 |    20 ||   605
       Skin              |       |       |    22 |     1 ||    23
Dodge: Dodged            |    44 |   228 |   891 |    25 ||  1188
